 Dungeon Crawl Stone Soup version 0.24-a0-586-g8e0e932a4c (webtiles) character file.

Game seed: 12681423879522189431, levelgen mode: deterministic

9057 Loge the Quickloader (level 11, -3/71 HPs)
             Began as a Tengu Hunter on Sept 8, 2019.
             Was a High Priest of Okawaru.
             Slain by a spiny frog (18 damage)
             ... on level 2 of the Lair of Beasts.
             The game lasted 00:40:19 (14841 turns).

Loge the Quickloader (Tengu Hunter)                Turns: 14841, Time: 00:40:19

Health: -3/71      AC: 12    Str: 16    XL:     11   Next: 40%
Magic:  16/16      EV: 13    Int: 12    God:    Okawaru [*****.]
Gold:   524        SH:  2    Dex: 14    Spells: 10/10 levels left

rFire    . . .     SeeInvis +   a - +2 hand crossbow
rCold    . . .     Gourm    .   (no shield)
rNeg     . . .     Faith    .   e - +0 chain mail
rPois    .         Spirit   .   (helmet restricted)
rElec    .         Reflect  +   (no cloak)
rCorr    .         Harm     .   s - +0 pair of gloves
MR       .....                  (boots unavailable)
Stlth    ..........             A - +2 amulet of reflection
HPRegen  0.21/turn              k - ring of see invisible
MPRegen  0.15/turn              (no ring)

@: lethally poisoned (-3 -> -11), flying quickly and evasively, quick
A: beak, talons 3, able to fly
a: Stop Flying, Heroism, Finesse, Renounce Religion


You were on level 2 of the Lair of Beasts.
You worshipped Okawaru.
Okawaru was extremely pleased with you.
You were not hungry.

You visited 3 branches of the dungeon, and saw 13 of its levels.
You also visited: Sewer.

You collected 524 gold pieces.

Inventory:

Hand Weapons
 a - a +2 hand crossbow (weapon)
 b - a +2 spear of venom
 o - a +0 short sword
Missiles
 d - 127 bolts (quivered)
 f - 45 poisoned darts
 i - 6 silver javelins
 B - 2 throwing nets
Armour
 e - a +0 chain mail (worn)
 s - a +0 pair of gloves (worn)
Magical Staves
 y - an uncursed staff of energy {unknown}
Jewellery
 k - a ring of see invisible (left hand)
 A - a +2 amulet of reflection (around neck)
 G - an uncursed ring of fire {unknown}
Scrolls
 h - a scroll of fog
 n - 3 scrolls of remove curse
 r - 5 scrolls of identify
 t - 4 scrolls of enchant weapon
 v - 7 scrolls of teleportation
 w - a scroll of fear
 x - 2 scrolls of amnesia
 z - a scroll of holy word
Potions
 j - a potion of ambrosia {unknown}
 l - 2 potions of magic
 m - 3 potions of lignification
 p - a potion of heal wounds {unknown}
 q - 2 potions of curing
 u - 2 potions of might
 C - 3 potions of invisibility
 D - a potion of brilliance {unknown}
 E - 2 potions of haste
 F - 2 potions of resistance {unknown}
 H - a potion of agility {unknown}
Comestibles
 c - 20 rations
 g - 5 chunks of flesh


   Skills:
 + Level 9.3 Fighting
 + Level 10.1 Crossbows
 + Level 8.2 Armour
 + Level 8.6 Dodging
 - Level 1.0 Stealth
 + Level 5.7 Invocations


You had 10 spell levels left.
You didn't know any spells.
Your spell library contained the following spells:

 Spells                   Type           Power        Failure   Level  Hunger
 Animate Skeleton         Necr           N/A          99%         1    ##.....
 Apportation              Tloc           #.....       99%         1    ##.....
 Confusing Touch          Hex            #.....       99%         1    ##.....
 Shock                    Conj/Air       #...         99%         1    ##.....
 Summon Small Mammal      Summ           #...         99%         1    ##.....
 Swiftness                Chrm/Air       #.......     99%         2    ###....
 Static Discharge         Conj/Air       #.......     100%        3    ####...
 Airstrike                Air            #.........   100%        4    #####..
 Lightning Bolt           Conj/Air       #.........   100%        5    ######.


Dungeon Overview and Level Annotations

Branches:
Dungeon (10/15)            Temple (1/1) D:7            Lair (2/6) D:10
  Sewer (visited)
  Swamp: Lair:2-4    Shoals: Lair:2-4     Snake: Lair:2-4    Spider: Lair:2-4
    Orc: D:9-12

Altars:
Ashenzari
Cheibriados
Elyvilon
Fedhas
Gozag
Hepliaklqana
Kikubaaqudgha
Nemelex Xobeh
Okawaru
Qazlal
Sif Muna
Vehumet
The Shining One

Annotations:
D:3 exclusion: door
D:7 3 runed translucent doors, paps's ghost, novice DsFi
D:8 Erica
D:10 1 runed translucent door, P0WERM0DE's ghost, novice GrFi


Innate Abilities, Weirdness & Mutations

You have a beak for a mouth.
You have claws for feet.
You can fly continuously.


Message History

Press: ? - help, Shift-Dir - straight line, f - spiny frog
Aim: a spiny frog (lightly wounded)
You shoot a bolt. The bolt hits the spiny frog.
The spiny frog is lightly wounded.
Firing (i - inventory. (/) - cycle)
d - 129 bolts (quivered)
Press: ? - help, Shift-Dir - straight line, f/p - spiny frog
Aim: a spiny frog (lightly wounded)
You shoot a bolt. The bolt hits the spiny frog!
The spiny frog is heavily wounded.
The spiny frog stings you!!
* * * LOW HITPOINT WARNING * * *
You are poisoned.
The spiny frog poisons you!
The spiny frog stings you but does no damage.
Firing (i - inventory. (/) - cycle)
d - 128 bolts (quivered)
Press: ? - help, Shift-Dir - straight line, f/p - spiny frog
Aim: a spiny frog (heavily wounded)
You shoot a bolt. The bolt closely misses the spiny frog.
You feel sick. The spiny frog stings you!!
You die...

.....>....###..#.##.....
...........####..#.#....
.........### ##÷.......
.........# #...##...
#........# #..P#
###......# ##..##
###.P### #...# ####
####...# ###..†#@.#
##......F## ##.......(.#
#.........P####
#........(....##
#........#.....## .#
#.........###....#...##
.........### ###........
.........# #..(......


You could see a spiny frog.

Vanquished Creatures
  3 two-headed ogres
  A spiny frog (Lair:2)
  A komodo dragon (Lair:2)
  A troll (D:10)
  A hornet (D:9)
  4 hippogriffs
  A basilisk (Lair:1)
  3 water moccasins (Lair:1)
  A porcupine (Lair:1)
  A hornet zombie (D:10)
  3 ice beasts
  4 sky beasts
  An orc warrior (D:10)
  6 ogres
  A black bear (D:9)
  2 phantoms
  4 wolves
  5 centaurs
  3 crocodiles
  8 bullfrogs
  2 big kobolds
  3 scorpions
  6 howler monkeys
  An electric eel (D:7)
  4 crimson imps
  A centaur zombie (D:5)
  2 jellies
  2 bullfrog zombies
  9 orc priests
  4 orc wizards
  Jessica (D:2)
  A bullfrog skeleton (D:4)
  A centaur skeleton (D:8)
  An iguana (D:9)
  7 worker ants
  2 hound zombies
  A hound skeleton (D:6)
  Robin (D:3)
  4 gnolls (D:7)
  12 adders
  A river rat (D:4)
  A shadow imp (D:9)
  3 oozes
  An adder zombie (D:8)
  An adder skeleton (D:9)
  A worm (D:4)
  2 leopard geckos
  38 orcs
  6 giant cockroaches
  15 goblins
  9 hobgoblins
  14 jackals
  11 kobolds
  2 quokkas
  2 ball pythons
  17 bats
  2 frilled lizards
  A giant cockroach zombie (D:5)
  A leopard gecko zombie (D:5)
  A quokka skeleton (D:4)
  A quokka zombie (D:6)
  17 rats
  9 plants
275 creatures vanquished.

Notes
Turn   | Place    | Note
-------+----------+-------------------------------------------
     0 | D:1      | Loge the Tengu Hunter began the quest for the Orb.
     0 | D:1      | Reached XP level 1. HP: 12/12 MP: 2/2
   116 | D:1      | Reached XP level 2. HP: 13/17 MP: 3/3
   307 | D:1      | Reached skill level 5 in Crossbows
   327 | D:1      | Reached XP level 3. HP: 19/22 MP: 4/4
   649 | D:2      | Noticed Jessica
   738 | D:2      | Noticed a fire elemental
   740 | D:2      | Found a stormy altar of Qazlal.
   741 | D:2      | Noticed a water elemental
   741 | D:2      | Noticed an air elemental
   741 | D:2      | Noticed an earth elemental
   758 | D:2      | Found a radiant altar of Vehumet.
  1609 | D:2      | Killed Jessica
  1609 | D:2      | Reached XP level 4. HP: 12/28 MP: 5/5
  2043 | D:3      | Reached skill level 6 in Crossbows
  2183 | D:3      | Gained mutation: You can fly continuously. [Tengu growth]
  2183 | D:3      | Reached XP level 5. HP: 32/32 MP: 6/6
  2290 | D:3      | Found a blossoming altar of Fedhas.
  2350 | D:2      | HP: 1/32 [poisoned by an orc]
  2653 | D:3      | Noticed Robin
  2657 | D:3      | Killed Robin
  3013 | D:3      | Found a shimmering blue altar of Sif Muna.
  3480 | D:4      | Reached XP level 6. HP: 38/38 MP: 7/7
  3521 | D:4      | Found an opulent altar of Gozag.
  3522 | D:4      | Noticed a phantom
  3529 | D:4      | Killed a phantom
  3529 | D:4      | Reached skill level 7 in Crossbows
  3549 | D:4      | Found an iron altar of Okawaru.
  3568 | D:4      | Found a shattered altar of Ashenzari.
  3601 | D:4      | Became a worshipper of Warmaster Okawaru
  3632 | D:4      | Found a white marble altar of Elyvilon.
  3924 | D:4      | Found a glowing drain.
  3948 | Sewer    | Entered a sewer
  4287 | Sewer    | Reached XP level 7. HP: 17/44 MP: 8/8
  4502 | Sewer    | Found a white marble altar of Elyvilon.
  4558 | D:4      | Got a distressingly furry ring mail
  4578 | D:4      | Found a snail-covered altar of Cheibriados.
  4673 | D:4      | Reached skill level 8 in Crossbows
  4722 | D:5      | Entered Level 5 of the Dungeon
  4794 | D:5      | Reached * piety under Okawaru
  4794 | D:5      | Reached skill level 5 in Fighting
  5247 | D:5      | Reached skill level 9 in Crossbows
  5247 | D:5      | Reached XP level 8. HP: 29/49 MP: 9/9
  5524 | D:5      | Reached skill level 1 in Armour
  6934 | D:6      | Reached ** piety under Okawaru
  7322 | D:7      | Reached XP level 9. HP: 55/55 MP: 10/10
  7966 | D:7      | Found a runed translucent gate.
  7966 | D:7      | Found a runed translucent gate.
  7966 | D:7      | Found a runed translucent gate.
  7966 | D:7      | Noticed paps's ghost (novice DsFi)
  7966 | D:7      | Noticed a seven-headed hydra
  7998 | D:7      | Found a staircase to the Ecumenical Temple.
  8048 | D:7      | Reached skill level 10 in Crossbows
  8944 | D:7      | Reached skill level 5 in Dodging
  8945 | D:7      | Reached skill level 1 in Invocations
  8997 | D:8      | Noticed Erica
  9126 | D:8      | Noticed a two-headed ogre
  9204 | D:7      | Killed a two-headed ogre
  9204 | D:7      | Reached *** piety under Okawaru
  9204 | D:7      | Reached skill level 5 in Armour
  9330 | Temple   | Entered the Ecumenical Temple
  9790 | D:8      | Reached XP level 10. HP: 63/63 MP: 13/13
 11234 | D:9      | Noticed a two-headed ogre
 11240 | D:9      | Killed a two-headed ogre
 11240 | D:9      | Reached **** piety under Okawaru
 11240 | D:9      | Received a gift from Okawaru
 11855 | D:10     | Entered Level 10 of the Dungeon
 11947 | D:10     | Found a staircase to the Lair.
 12483 | D:10     | Noticed a two-headed ogre
 12546 | D:9      | Killed a two-headed ogre
 12546 | D:9      | Received a gift from Okawaru
 12546 | D:9      | Reached skill level 5 in Invocations
 12546 | D:9      | Reached XP level 11. HP: 63/69 MP: 15/15
 12664 | D:10     | Found a runed translucent door.
 12665 | D:10     | Noticed P0WERM0DE's ghost (novice GrFi)
 12692 | D:10     | Got an ichor-stained scale mail
 12703 | D:10     | Identified the cursed +0 scale mail of Liberty {-Tele rPois
                  | rN+++ Int-4} (You found it on level 10 of the Dungeon)
 13156 | Lair:1   | Entered Level 1 of the Lair of Beasts
 13955 | Lair:1   | Reached ***** piety under Okawaru
 14841 | Lair:2   | Slain by a spiny frog

Levels and vault maps discovered:
D:1:      saegor_arrival_simple_b, layout_basic, minmay_fountain_box
D:2:      layout_loops_corners, overflow_temple_1_default, first_ration,
          nicolae_qazlal_style_of_elements, uniq_jessica
D:3:      layout_loops_corners, lemuel_doored_altar, led_sif_book, uniq_robin
D:4:      layout_rooms, nicolae_overflow_hidden_temple,
          nicolae_overflow_quartered_altars, portal_sewer_entry_b
D:5:      layout_basic
D:6:      layout_basic, hex_medium
D:7:      layout_loops_corners, minmay_temple_entry_grid, gammafunk_ghost_split,
          grunt_ogre_cave, serial_bayou_ford_a
D:8:      layout_rooms, uniq_erica
D:9:      layout_basic
D:10:     layout_cross, dpeg_oklobed_lair, ebering_ghost_inner_flame,
          nrook_loot_triangle, chequers_decorated_corner
Temple:   zaba_magenta_temple
Lair:1:   layout_roguey
Lair:2:   layout_cave_pods

Skill      XL: |  1  2  3  4  5  6  7  8  9 10 11 |
---------------+----------------------------------+-----
Crossbows      | 5 6 7 9 10 | 10.1
Fighting       | 3 4 5 6 7 8 9 |  9.3
Armour         | 3 5 7 8 |  8.2
Dodging        | 4 6 7 8 |  8.6
Invocations    | 2 5 |  5.7
Stealth        | |  1.0

Action                   |  1- 3 |  4- 6 |  7- 9 | 10-12 || total
-------------------------+-------+-------+-------+-------++-------
Melee: Short sword       |    66 |    52 |       |       ||   118
       Kick              |    14 |    23 |    31 |    90 ||   158
       Peck              |     4 |    19 |    23 |    64 ||   110
       Spear             |       |    89 |   135 |   179 ||   403
       Hand crossbow     |       |       |       |     3 ||     3
 Fire: Hand crossbow     |     8 |    33 |   131 |   321 ||   493
Throw: Dart              |     6 |    24 |    24 |     4 ||    58
Invok: Heroism           |       |       |     1 |     1 ||     2
 Abil: Fly               |       |     1 |       |       ||     1
  Use: Scroll            |       |     8 |     2 |     9 ||    19
  Eat: Chunk             |     1 |     9 |    10 |    11 ||    31
       Ration            |       |       |     2 |     1 ||     3
Armor: Leather armour    |    25 |       |       |       ||    25
       Scale mail        |     4 |    37 |    44 |    23 ||   108
       Chain mail        |       |       |       |    42 ||    42
Dodge: Dodged            |    47 |    84 |   100 |   187 ||   418
Block: Other             |       |       |       |     8 ||     8

Table legend:
 A = Non-vault XP
 B = Vault XP
 C = Vault XP percentage of total XP
 D = Non-vault monster count
 E = Vault monster count
 F = Vault count percentage of total count
                 A         B        C        D         E       F
            +---------+---------+-------+---------+---------+-------
      Total |   12624 |     315 |   2.4 |     238 |      28 |  10.5
            +---------+---------+-------+---------+---------+-------
        D:1 |      46 |       0 |   0.0 |      23 |       0 |   0.0
        D:2 |      40 |      37 |  48.1 |      12 |       1 |   7.7
        D:3 |      81 |      37 |  31.4 |      29 |      12 |  29.3
        D:4 |     632 |      21 |   3.2 |      20 |       4 |  16.7
        D:5 |     549 |       0 |   0.0 |      21 |       0 |   0.0
        D:6 |     715 |       0 |   0.0 |      13 |       0 |   0.0
        D:7 |    1713 |     118 |   6.4 |      24 |       1 |   4.0
        D:8 |     732 |       0 |   0.0 |      15 |       0 |   0.0
        D:9 |    3293 |       0 |   0.0 |      36 |       0 |   0.0
       D:10 |    1332 |       0 |   0.0 |      24 |       0 |   0.0
     Lair:1 |    2418 |       0 |   0.0 |      16 |       0 |   0.0
     Lair:2 |    1073 |       0 |   0.0 |       5 |       0 |   0.0
      Sewer |       0 |     102 | 100.0 |       0 |      10 | 100.0
            +---------+---------+-------+---------+---------+-------
